TOP OF THE 1ST |
Butler White Sox batting - Pitching for Buffalo LightSabres : RHP Dan Jones
|
Pitching: RHP Dan Jones
|
|
Batting: RHB Luis Fuentes
|
0-0: Ground out 3-1 (Groundball, 34)
|
Batting: LHB Josh Pérez
|
0-0: Called Strike 0-1: Ball 1-1: Foul Ball, location: 2F 1-2: Strikes out swinging
|
Batting: RHB Miguel Sánchez
|
0-0: Called Strike 0-1: Foul Ball, location: 2F 0-2: Ball 1-2: Foul Ball, location: 2F 1-2: Ball 2-2: Ball 3-2: Base on Balls
|
Batting: RHB Bobby Murdock
|
0-0: Ball 1-0: Foul Ball, location: 2F 1-1: Ball 2-1: Foul Ball, location: 2F 2-2: Ground out 6-3 (Groundball, 6M)
|
Top of the 1st over - 0 runs, 0 hits, 0 errors, 1 left on base; Butler 0 - Buffalo 0 |
BOTTOM OF THE 1ST |
Buffalo LightSabres batting - Pitching for Butler White Sox : LHP Alfredo García
|
Pitching: LHP Alfredo García
|
|
Batting: RHB Júlio López
|
0-0: Ball 1-0: Called Strike 1-1: Ground out 3-1 (Groundball, 34)
|
Batting: RHB Raúl Flores
|
0-0: Ball 1-0: Ball 2-0: Ball 3-0: Called Strike 3-1: SINGLE (Line Drive, 4M)
|
Batting: RHB Mike Wagner
|
0-0: Called Strike 0-1: Foul Ball, location: 2F 0-2: Fly out, F3 (Line Drive, 3)
|
Batting: LHB Garrett King
|
0-0: Fly out, F8 (Line Drive, 8RM)
|
Bottom of the 1st over - 0 runs, 1 hit, 0 errors, 1 left on base; Butler 0 - Buffalo 0 |
TOP OF THE 2ND |
Butler White Sox batting - Pitching for Buffalo LightSabres : RHP Dan Jones
|
Batting: SHB Pedro Martínez
|
0-0: Fly out, F8 (Line Drive, 89D)
|
Batting: LHB Thomas Dixon
|
0-0: Foul Ball, location: 2F 0-1: Ball 1-1: Ball 2-1: Foul Ball, location: 2F 2-2: Foul Ball, location: 2F 2-2: Ball 3-2: SINGLE (Groundball, 6M) (infield hit)
|
Batting: RHB James Richardson
|
0-0: Ball Wild Pitch! Thomas Dixon to second 1-0: Ball 2-0: Foul Ball, location: 2F 2-1: Called Strike 2-2: Ball 3-2: Strikes out swinging
|
Batting: RHB Ramón Maldonado
|
0-0: Foul Ball, location: 2F 0-1: Foul Ball, location: 2F 0-2: Strikes out swinging
|
Top of the 2nd over - 0 runs, 1 hit, 0 errors, 1 left on base; Butler 0 - Buffalo 0 |
BOTTOM OF THE 2ND |
Buffalo LightSabres batting - Pitching for Butler White Sox : LHP Alfredo García
|
Batting: RHB Pat McDonald
|
0-0: Foul Ball, location: 2F 0-1: Ground out U3 (Groundball, 3)
|
Batting: LHB Tim Griffith
|
0-0: Called Strike 0-1: Ball 1-1: SINGLE (Groundball, 6D)
|
Batting: RHB Abraham Hardy
|
0-0: Ball Wild Pitch! Tim Griffith to second 1-0: Ball 2-0: Called Strike 2-1: Ball 3-1: Swinging Strike 3-2: Foul Ball, location: 2F 3-2: Foul Ball, location: 2F 3-2: Foul Ball, location: 2F 3-2: Foul Ball, location: 2F 3-2: Base on Balls
|
Batting: LHB Sergio Luna
|
0-0: Called Strike 0-1: Called Strike 0-2: Foul Ball, location: 2F 0-2: Ball 1-2: Foul Ball, location: 2F 1-2: 3-RUN HOME RUN (Flyball, 9LD), Distance : 358 ft
|
Batting: RHB Peter Dixon
|
0-0: Ball 1-0: Ball 2-0: Foul Ball, location: 2F 2-1: Called Strike 2-2: Ball 3-2: Base on Balls
|
Batting: RHB Júlio López
|
0-0: DOUBLE (Line Drive, 89D) Peter Dixon to third
|
Batting: RHB Raúl Flores
|
0-0: Called Strike 0-1: Swinging Strike 0-2: Ball 1-2: Ball 2-2: Ball 3-2: Strikes out swinging
|
Batting: RHB Mike Wagner
|
0-0: Ball 1-0: Called Strike 1-1: SINGLE (Line Drive, 89S) Peter Dixon scores Júlio López to third
|
Batting: LHB Garrett King
|
0-0: Fly out, F9 (Flyball, 89S)
|
Bottom of the 2nd over - 4 runs, 4 hits, 0 errors, 2 left on base; Butler 0 - Buffalo 4 |
TOP OF THE 3RD |
Butler White Sox batting - Pitching for Buffalo LightSabres : RHP Dan Jones
|
Batting: RHB Júlio Hernández
|
0-0: Called Strike 0-1: Foul Ball, location: 2F 0-2: SINGLE (Line Drive, 6MD)
|
Batting: RHB Luis Fuentes
|
0-0: Foul Ball, location: 2F 0-1: Foul Ball, location: 2F 0-2: Ball 1-2: Ground out U3 (Groundball, 34S) Júlio Hernández to second
|
Batting: LHB Josh Pérez
|
0-0: Ball 1-0: Ball Júlio Hernández steals 3rd base 2-0: Ball 3-0: Base on Balls
|
Batting: RHB Miguel Sánchez
|
0-0: Ball 1-0: Ball 2-0: Hit by Pitch Josh Pérez to second
|
Batting: RHB Bobby Murdock
|
0-0: Foul Ball, location: 2F 0-1: GRAND SLAM HOME RUN (Flyball, 7LD), Distance : 348 ft
|
Batting: SHB Pedro Martínez
|
0-0: DOUBLE (Line Drive, 78D)
|
Batting: LHB Thomas Dixon
|
0-0: Ball 1-0: Called Strike 1-1: Called Strike 1-2: SINGLE (Groundball, 4MD) Pedro Martínez to third Runner from 3rd tries for Home, SAFE, throw made home
|
Batting: RHB James Richardson
|
0-0: Ball Thomas Dixon is caught stealing 2nd base 1-0: Fly out, F8 (Flyball, 8LS)
|
Top of the 3rd over - 5 runs, 4 hits, 0 errors, 0 left on base; Butler 5 - Buffalo 4 |
BOTTOM OF THE 3RD |
Buffalo LightSabres batting - Pitching for Butler White Sox : LHP Alfredo García
|
Batting: RHB Pat McDonald
|
0-0: Ball 1-0: Ground out 5-3 (Groundball, 56)
|
Batting: LHB Tim Griffith
|
0-0: Ball 1-0: Swinging Strike 1-1: Fly out, F9 (Flyball, 9)
|
Batting: RHB Abraham Hardy
|
0-0: Called Strike 0-1: Ball 1-1: Ball 2-1: Ball 3-1: Base on Balls
|
Batting: LHB Sergio Luna
|
0-0: Ball 1-0: Called Strike Abraham Hardy is caught stealing 2nd base
|
Bottom of the 3rd over - 0 runs, 0 hits, 0 errors, 0 left on base; Butler 5 - Buffalo 4 |
TOP OF THE 4TH |
Butler White Sox batting - Pitching for Buffalo LightSabres : RHP Dan Jones
|
Batting: RHB Ramón Maldonado
|
0-0: Called Strike 0-1: Fly out, F7 (Flyball, 78M)
|
Batting: RHB Júlio Hernández
|
0-0: Called Strike 0-1: Ball 1-1: Ball 2-1: Foul Ball, location: 2F 2-2: Strikes out looking
|
Batting: RHB Luis Fuentes
|
0-0: Ground out 6-3 (Groundball, 56)
|
Top of the 4th over - 0 runs, 0 hits, 0 errors, 0 left on base; Butler 5 - Buffalo 4 |
BOTTOM OF THE 4TH |
Buffalo LightSabres batting - Pitching for Butler White Sox : LHP Alfredo García
|
Batting: LHB Sergio Luna
|
0-0: Called Strike 0-1: Ball 1-1: Ball 2-1: Ball 3-1: Base on Balls
|
Batting: RHB Peter Dixon
|
0-0: Ball 1-0: Ball 2-0: Called Strike 2-1: Called Strike 2-2: Strikes out looking
|
Batting: RHB Júlio López
|
0-0: Ball 1-0: Called Strike 1-1: Ball 2-1: Swinging Strike 2-2: Foul Ball, location: 2F 2-2: Foul Ball, location: 2F 2-2: Foul Ball, location: 2F 2-2: Ball 3-2: SINGLE (Line Drive, 78S) Sergio Luna to second
|
Batting: RHB Raúl Flores
|
0-0: Ball Throwing error on steal attempt, E2 Sergio Luna scores Júlio López to third 1-0: Foul Ball, location: 2F 1-1: SINGLE (Groundball, 4MD) Júlio López scores
|
Batting: RHB Mike Wagner
|
0-0: Ball 1-0: Swinging Strike 1-1: Fielders Choice at 2nd, 6-4 (Groundball, 6)
|
Batting: LHB Garrett King
|
0-0: Fly out, F7 (Flyball, 7S)
|
Bottom of the 4th over - 2 runs, 2 hits, 1 error, 1 left on base; Butler 5 - Buffalo 6 |
TOP OF THE 5TH |
Butler White Sox batting - Pitching for Buffalo LightSabres : RHP Dan Jones
|
Batting: LHB Josh Pérez
|
0-0: Called Strike 0-1: Foul Ball, location: 2F 0-2: Ball 1-2: Strikes out swinging
|
Batting: RHB Miguel Sánchez
|
0-0: Ball 1-0: Foul Ball, location: 2F 1-1: Ball 2-1: Swinging Strike 2-2: Ground out 4-3 (Groundball, 4)
|
Batting: RHB Bobby Murdock
|
0-0: Called Strike 0-1: Foul Ball, location: 2F 0-2: Ball 1-2: Strikes out swinging
|
Top of the 5th over - 0 runs, 0 hits, 0 errors, 0 left on base; Butler 5 - Buffalo 6 |
BOTTOM OF THE 5TH |
Buffalo LightSabres batting - Pitching for Butler White Sox : LHP Alfredo García
|
Batting: RHB Pat McDonald
|
0-0: Ball 1-0: Called Strike 1-1: Ball 2-1: Foul Ball, location: 2F 2-2: SINGLE (Line Drive, 78M)
|
Batting: LHB Tim Griffith
|
0-0: Fly out, F9 (Flyball, 9S)
|
Batting: RHB Abraham Hardy
|
0-0: Called Strike 0-1: SINGLE (Line Drive, 8RS) Pat McDonald to second
|
Batting: LHB Sergio Luna
|
0-0: Called Strike 0-1: Ball 1-1: Swinging Strike 1-2: Ball 2-2: Foul Ball, location: 2F 2-2: Fielders Choice at 2nd, 4-6 (Groundball, 4) Pat McDonald to third
|
Batting: RHB Peter Dixon
|
0-0: Called Strike 0-1: Ball 1-1: Swinging Strike 1-2: Ball Sergio Luna is caught stealing 2nd base
|
Bottom of the 5th over - 0 runs, 2 hits, 0 errors, 1 left on base; Butler 5 - Buffalo 6 |
TOP OF THE 6TH |
Butler White Sox batting - Pitching for Buffalo LightSabres : RHP Dan Jones
|
Batting: SHB Pedro Martínez
|
0-0: Ball 1-0: Ball 2-0: Foul Ball, location: 2F 2-1: Foul Ball, location: 2F 2-2: Ground out 4-3 (Groundball, 4)
|
Batting: LHB Thomas Dixon
|
0-0: Called Strike 0-1: Ball 1-1: Ball 2-1: Foul Ball, location: 2F 2-2: Strikes out swinging
|
Batting: RHB James Richardson
|
0-0: Ball 1-0: Called Strike 1-1: Ball 2-1: Foul Ball, location: 2F 2-2: Foul Ball, location: 2F 2-2: Strikes out swinging
|
Top of the 6th over - 0 runs, 0 hits, 0 errors, 0 left on base; Butler 5 - Buffalo 6 |
BOTTOM OF THE 6TH |
Buffalo LightSabres batting - Pitching for Butler White Sox : LHP Alfredo García
|
Pitching: LHP Luis Torres
|
|
Batting: RHB Peter Dixon
|
0-0: Ball 1-0: Called Strike 1-1: Called Strike 1-2: SINGLE (Flyball, 89M)
|
Batting: RHB Júlio López
|
0-0: Ball 1-0: Ball 2-0: Ball 3-0: Called Strike 3-1: Base on Balls Peter Dixon to second
|
Batting: RHB Raúl Flores
|
0-0: DOUBLE (Flyball, 8RXD) Peter Dixon scores Júlio López to third Runner from 3rd tries for Home, SAFE, no throw
|
Batting: RHB Mike Wagner
|
0-0: Intentional Walk
|
Pitching: LHP Francisco Ramírez
|
|
Batting: LHB Garrett King
|
0-0: SINGLE (Flyball, 7LS) Raúl Flores to third Mike Wagner to second Runner from 3rd tries for Home, SAFE, no throw
|
Batting: RHB Pat McDonald
|
0-0: Fly out, F7 (Flyball, 7LM)
|
Batting: LHB Tim Griffith
|
0-0: Ball 1-0: Fly out, F8 (Flyball, 8RM)
|
Batting: RHB Abraham Hardy
|
0-0: Foul Ball, location: 2F 0-1: Ball 1-1: Swinging Strike 1-2: Ball Wild Pitch! Mike Wagner to third Garrett King to second 2-2: Ball 3-2: Fly out, F9 (Flyball, 89M)
|
Bottom of the 6th over - 3 runs, 3 hits, 0 errors, 2 left on base; Butler 5 - Buffalo 9 |
TOP OF THE 7TH |
Butler White Sox batting - Pitching for Buffalo LightSabres : RHP Dan Jones
|
Batting: RHB Ramón Maldonado
|
0-0: DOUBLE (Groundball, 5L)
|
Batting: RHB Júlio Hernández
|
0-0: Called Strike 0-1: Ball 1-1: Ball 2-1: Fly out, F7 (Flyball, 78S)
|
Batting: RHB Luis Fuentes
|
0-0: Foul Ball, location: 2F 0-1: Called Strike Ramón Maldonado is caught stealing 3rd base 0-2: Foul Ball, location: 2F 0-2: Foul Ball, location: 2F 0-2: Ball 1-2: Ball 2-2: SINGLE (Line Drive, 56D)
|
Pitching: LHP Max Bridges
|
|
Batting: LHB Josh Pérez
|
0-0: Called Strike 0-1: SINGLE (Groundball, 3D) Luis Fuentes to second Runner from 2nd tries for 3rd, OUT!
|
Top of the 7th over - 0 runs, 3 hits, 0 errors, 1 left on base; Butler 5 - Buffalo 9 |
BOTTOM OF THE 7TH |
Buffalo LightSabres batting - Pitching for Butler White Sox : LHP Francisco Ramírez
|
Batting: LHB Sergio Luna
|
0-0: Foul Ball, location: 2F 0-1: Ball 1-1: Ball 2-1: SINGLE (Groundball, 4MD)
|
Batting: RHB Peter Dixon
|
0-0: Bunted foul 0-1: Ball 1-1: Bunt missed! 1-2: Ball 2-2: Ball 3-2: Base on Balls Sergio Luna to second
|
Batting: RHB Júlio López
|
0-0: Fielders Choice at 2nd, 3-6 (Groundball, 34) Sergio Luna to third
|
Batting: RHB Raúl Flores
|
0-0: Called Strike 0-1: Called Strike 0-2: Ball 1-2: Strikes out swinging
|
Batting: RHB Mike Wagner
|
0-0: Ball 1-0: Ball 2-0: Ball 3-0: Base on Balls Júlio López to second
|
Batting: LHB Garrett King
|
0-0: Ball 1-0: Called Strike 1-1: Fly out, F8 (Flyball, 8LD)
|
Bottom of the 7th over - 0 runs, 1 hit, 0 errors, 3 left on base; Butler 5 - Buffalo 9 |
TOP OF THE 8TH |
Butler White Sox batting - Pitching for Buffalo LightSabres : LHP Max Bridges
|
Batting: RHB Miguel Sánchez
|
0-0: Ball 1-0: Called Strike 1-1: SINGLE (Line Drive, 7LS)
|
Batting: RHB Bobby Murdock
|
0-0: Ball 1-0: Swinging Strike 1-1: Foul Ball, location: 2F 1-2: Ball 2-2: Strikes out looking
|
Batting: SHB Pedro Martínez
|
0-0: Ball 1-0: Called Strike 1-1: Ball 2-1: Ball 3-1: Foul Ball, location: 2F 3-2: Foul Ball, location: 2F 3-2: Strikes out swinging
|
Batting: LHB Thomas Dixon
|
0-0: Ball 1-0: SINGLE (Groundball, 4MD) Miguel Sánchez to second Runner from 2nd tries for 3rd, SAFE, no throw
|
Batting: RHB James Richardson
|
0-0: 3-RUN HOME RUN (Flyball, 8LD), Distance : 405 ft
|
Pitching: LHP Tom Workman
|
|
Batting: RHB Ramón Maldonado
|
0-0: Ball 1-0: SINGLE (Line Drive, 7S)
|
Pinch Hitting: RHB Ed Keesee
|
0-0: Ball 1-0: Called Strike 1-1: Called Strike 1-2: Foul Ball, location: 2F 1-2: Fly out, F3 (Popup, 3SF)
|
Top of the 8th over - 3 runs, 4 hits, 0 errors, 1 left on base; Butler 8 - Buffalo 9 |
BOTTOM OF THE 8TH |
Buffalo LightSabres batting - Pitching for Butler White Sox : LHP Francisco Ramírez
|
Now in LF: Ed Keesee
|
|
Batting: RHB Pat McDonald
|
0-0: Fly out, F8 (Flyball, 8LXD)
|
Batting: LHB Tim Griffith
|
0-0: Ground out U3 (Groundball, 3S)
|
Batting: RHB Abraham Hardy
|
0-0: Called Strike 0-1: Called Strike 0-2: Foul Ball, location: 2F 0-2: Ball 1-2: Fly out, F9 (Flyball, 9S)
|
Bottom of the 8th over - 0 runs, 0 hits, 0 errors, 0 left on base; Butler 8 - Buffalo 9 |
TOP OF THE 9TH |
Butler White Sox batting - Pitching for Buffalo LightSabres : LHP Tom Workman
|
Now at 3B: Matt Ruskin
|
|
Now at SS: Xavier Chávez
|
|
Batting: RHB Luis Fuentes
|
0-0: Foul Ball, location: 2F 0-1: Ball 1-1: SOLO HOME RUN (Flyball, 8LD), Distance : 404 ft
|
Batting: LHB Josh Pérez
|
0-0: Foul Ball, location: 2F 0-1: Foul Ball, location: 2F 0-2: Foul Ball, location: 2F 0-2: Strikes out swinging
|
Batting: RHB Miguel Sánchez
|
0-0: Called Strike 0-1: Ball 1-1: Swinging Strike 1-2: Ball 2-2: Foul Ball, location: 2F 2-2: Ball 3-2: Foul Ball, location: 2F 3-2: Foul Ball, location: 2F 3-2: Ground out U3 (Groundball, 34)
|
Batting: RHB Bobby Murdock
|
0-0: Ball 1-0: Swinging Strike 1-1: Swinging Strike 1-2: Foul Ball, location: 2F 1-2: Ball 2-2: Ball 3-2: Foul Ball, location: 2F 3-2: Base on Balls
|
Pinch Runner at 1st Cristián Cauozos:
|
|
Batting: SHB Pedro Martínez
|
0-0: Ball 1-0: Foul Ball, location: 2F 1-1: Ground out 4-3 (Groundball, 34)
|
Top of the 9th over - 1 run, 1 hit, 0 errors, 1 left on base; Butler 9 - Buffalo 9 |
BOTTOM OF THE 9TH |
Buffalo LightSabres batting - Pitching for Butler White Sox : LHP Francisco Ramírez
|
Pinch Hitting: RHB Jorge Castillo
|
0-0: Called Strike 0-1: Ball 1-1: Called Strike 1-2: Ball 2-2: Fly out, F8 (Line Drive, 78M)
|
Batting: RHB Peter Dixon
|
0-0: Ball 1-0: Called Strike 1-1: Reached on error, E5 (Groundball, 5L)
|
Pinch Hitting: RHB John Warren
|
0-0: Swinging Strike 0-1: Ball 1-1: Ball 2-1: Fly out, F8 (Flyball, 8RM)
|
Batting: RHB Raúl Flores
|
0-0: Ball 1-0: Ball Peter Dixon steals 2nd base 2-0: Called Strike 2-1: Ball 3-1: Base on Balls
|
Pitching: RHP Bartho Manshert
|
|
Batting: RHB Mike Wagner
|
0-0: Ball 1-0: Fielders Choice at 2nd, 6-4 (Groundball, 6)
|
Bottom of the 9th over - 0 runs, 0 hits, 1 error, 2 left on base; Butler 9 - Buffalo 9 |
TOP OF THE 10TH |
Butler White Sox batting - Pitching for Buffalo LightSabres : LHP Tom Workman
|
Now at 3B: Juan Borges
|
|
Now in RF: John Warren
|
|
Pinch Hitting: SHB José Durango
|
0-0: Called Strike 0-1: Called Strike 0-2: Ball 1-2: DOUBLE (Flyball, 89D)
|
Batting: RHB James Richardson
|
0-0: Called Strike 0-1: Ball 1-1: Ball 2-1: Ground out 5-3 (Groundball, 56)
|
Batting: RHB Ramón Maldonado
|
0-0: Ball 1-0: Ball 2-0: DOUBLE (Line Drive, 7LD) José Durango scores
|
Batting: RHB Ed Keesee
|
0-0: Intentional Walk
|
Batting: RHB Luis Fuentes
|
0-0: Called Strike 0-1: Ball 1-1: Foul Ball, location: 2F 1-2: Hit by Pitch Ramón Maldonado to third Ed Keesee to second
|
Batting: LHB Josh Pérez
|
0-0: Ball 1-0: Ball 2-0: Called Strike 2-1: Ball 3-1: Base on Balls Ramón Maldonado scores Ed Keesee to third Luis Fuentes to second
|
Batting: RHB Miguel Sánchez
|
0-0: Called Strike 0-1: Ball 1-1: Foul Ball, location: 2F 1-2: Ball 2-2: Foul Ball, location: 2F 2-2: Grounds into double play, 5-2-3 (Groundball, 56)
|
Top of the 10th over - 2 runs, 2 hits, 0 errors, 2 left on base; Butler 11 - Buffalo 9 |
BOTTOM OF THE 10TH |
Buffalo LightSabres batting - Pitching for Butler White Sox : RHP Bartho Manshert
|
Pitching: RHP Steve Newman
|
|
Now at 2B: Alfredo Ramírez
|
|
Batting: LHB Garrett King
|
0-0: Ball 1-0: Fly out, F2 (Popup, 5SF)
|
Batting: RHB Pat McDonald
|
0-0: Ball 1-0: Ball 2-0: Ball 3-0: Base on Balls
|
Batting: LHB Tim Griffith
|
0-0: Ball
|
|
|
|
1-0: Ball 2-0: Ball 3-0: Swinging Strike 3-1: Foul Ball, location: 2F 3-2: Strikes out swinging
|
Pinch Hitting: RHB Sean King
|
0-0: Ball 1-0: Called Strike 1-1: Swinging Strike 1-2: Ball 2-2: SINGLE (Groundball, 34D) Pat McDonald to second
|
Pinch Runner at 2nd Pancho Sánchez:
|
|
Pinch Hitting: SHB Clifton Hampton
|
0-0: Foul Ball, location: 2F 0-1: Ball 1-1: Ball 2-1: Ball 3-1: Called Strike 3-2: Foul Ball, location: 2F 3-2: Strikes out swinging
|
Bottom of the 10th over - 0 runs, 1 hit, 0 errors, 2 left on base; Butler 11 - Buffalo 9 |
|
Saturday, April 7th, 2018 - OOTP Baseball 18.8 Build 76
|
|